Workbook

Sheet MEDIÇÃO 18
A1: PREFEITURA MUNICIPAL DE SO ROQUE DO CANA Estado do Esprito Santo SECRETARIA MUNICIPAL DE OBRAS E SERVIÇOS URBANOS – SETOR DE ENGENHARIA
A12: PREFEITURA MUNICIPAL DE SO ROQUE DO CANAÃ Estado do Esprito Santo SECRETARIA MUNICIPAL DE OBRAS E SERVIÇOS URBANOS – SETOR DE ENGENHARIA
A21: BOLETIM DE MEDIÇÃO 18 | N21: DATA: 06/03/2025
A23: OBRA: CONSTRUÇÃO DE MURO DE CONTENÇÃO E ESTABILIZAÇÃO DE TALUDES EM ÁREA DE RISCO | G23: CONTRATO Nº: | I23: 070/2023 | K23: Assinatura: 04/09/2023 | N23: INÍCIO: | P23: 45182
N24: TÉRMINO: | P24: 45752
A25: LOCAL: RUA ANTÔNIO GIL VELOSO, CENTRO | G25: PERÍODO: | I25: 45689 | K25: a | L25: 45716 | N25: PRAZO: | P25: 450 DIAS + 120 dias
A26: EMPREITEIRA: M S CONSTRUTORA LTDA | I26: =L27 -> MEDIÇÃO 18 | L26: =O137 -> 415005.69 | N26: % MÊS: | O26: =K137 -> 0.10398857 | P26: % ACUM: | Q26: =K138 -> 1
A27: ITEM | B27: ESPECIFICAÇÃO | C27: UNID. | D27: QUANT. | E27: PREÇO UNIT R$ | F27: 1º REPLANILHAMENTO | I27: ACUMULADO ANTERIOR | L27: MEDIÇÃO 18 | O27: TOTAL MEDIDO
F28: ACRÉSC. | G28: DECRÉSC. | H28: QUANT. ATUALIZADA | I28: QUANT. | J28: TOTAL | K28: % | L28: QUANT. | M28: TOTAL | N28: % | O28: QUANT. | P28: TOTAL | Q28: %
A29: 1 | B29: MURO DE CONTENÇÃO | M29: =SUM(M30:M45) -> 0.027002126 | P29: =SUM(P30:P45) -> 975893.93
A30: 1.1 | B30: Capina manual, inclusive limpeza | C30: m² | D30: 5973 | E30: 0.88592459 | H30: =D30+F30-G30 -> 5973 | I30: 5973 | J30: =I30*E30 -> 5291.6276 | K30: =I30/H30 -> 1 | M30: =L30*E30 -> 0 | N30: =L30/H30 -> 0 | O30: =I30+L30 -> 5973 | P30: =J30+M30 -> 5291.6276 | Q30: =K30+N30 -> 1
A31: 1.2 | B31: Carga de material de 1ª categoria | C31: m³ | D31: 3970.39 | E31: 4.6047503 | H31: =D31+F31-G31 -> 3970.39 | I31: 3970.39 | J31: =I31*E31 -> 18282.655 | K31: =I31/H31 -> 1 | M31: =L31*E31 -> 0 | N31: =L31/H31 -> 0 | O31: =I31+L31 -> 3970.39 | P31: =J31+M31 -> 18282.655 | Q31: =K31+N31 -> 1
A32: 1.3 | B32: Compactação de aterros 100% PN | C32: m³ | D32: 730.45 | E32: 7.3655563 | H32: =D32+F32-G32 -> 730.45 | I32: 730.45 | J32: =I32*E32 -> 5380.1706 | K32: =I32/H32 -> 1 | M32: =L32*E32 -> 0 | N32: =L32/H32 -> 0 | O32: =I32+L32 -> 730.45 | P32: =J32+M32 -> 5380.1706 | Q32: =K32+N32 -> 1
A33: 1.4 | B33: Destocamento de árvores com diâmetro de 15 a 30 cm, com trator de esteira | C33: UND | D33: 199 | E33: 20.438072 | H33: =D33+F33-G33 -> 199 | I33: 199 | J33: =I33*E33 -> 4067.1764 | K33: =I33/H33 -> 1 | M33: =L33*E33 -> 0 | N33: =L33/H33 -> 0 | O33: =I33+L33 -> 199 | P33: =J33+M33 -> 4067.1764 | Q33: =K33+N33 -> 1
A34: 1.5 | B34: Escavação e carga de material de 1ª categoria, com trator de esteira e pá carregadeira | C34: m³ | D34: 6304.61 | E34: 12.567764 | F34: 1332 | H34: =D34+F34-G34 -> 7636.61 | I34: 7636.61 | J34: =I34*E34 -> 95975.114 | K34: =I34/H34 -> 1 | M34: =L34*E34 -> 0 | N34: =L34/H34 -> 0 | O34: =I34+L34 -> 7636.61 | P34: =J34+M34 -> 95975.114 | Q34: =K34+N34 -> 1
A35: 1.6 | B35: Espalhamento / regularização / compactação de material em bota-fora | C35: m³ | D35: 4764.47 | E35: 3.657016 | H35: =D35+F35-G35 -> 4764.47 | I35: 4764.47 | J35: =I35*E35 -> 17423.743 | K35: =I35/H35 -> 1 | M35: =L35*E35 -> 0 | N35: =L35/H35 -> 0 | O35: =I35+L35 -> 4764.47 | P35: =J35+M35 -> 17423.743 | Q35: =K35+N35 -> 1
A36: 1.7 | B36: Reaterro de cavas c/ compactação manual (apiloamento) | C36: m³ | D36: 587.82 | E36: 85.811015 | H36: =D36+F36-G36 -> 587.82 | I36: 587.82 | J36: =I36*E36 -> 50441.431 | K36: =I36/H36 -> 1 | M36: =L36*E36 -> 0 | N36: =L36/H36 -> 0 | O36: =I36+L36 -> 587.82 | P36: =J36+M36 -> 50441.431 | Q36: =K36+N36 -> 1
A37: 1.8 | B37: Colchão drenante de brita 2 inclusive fornecimento, espalhamento, compactação e transporte | C37: m³ | D37: 35.272064 | E37: 129.68751 | H37: =D37+F37-G37 -> 35.272064 | I37: 35.272064 | J37: =I37*E37 -> 4574.346 | K37: =I37/H37 -> 1 | M37: =L37*E37 -> 0 | N37: =L37/H37 -> 0 | O37: =I37+L37 -> 35.272064 | P37: =J37+M37 -> 4574.346 | Q37: =K37+N37 -> 1
A38: 1.9 | B38: Manta Geotêxtil não tecida com resistência longitudinal a tração 10kN/m, fornecimento e aplicação | C38: m² | D38: 15 | E38: 12.990223 | H38: =D38+F38-G38 -> 15 | I38: 15 | J38: =I38*E38 -> 194.85335 | K38: =I38/H38 -> 1 | M38: =L38*E38 -> 0 | N38: =L38/H38 -> 0 | O38: =I38+L38 -> 15 | P38: =J38+M38 -> 194.85335 | Q38: =K38+N38 -> 1
A39: 1.10 | B39: Dreno de PVC D = 50 mm | C39: m | D39: 170 | E39: 43.492684 | H39: =D39+F39-G39 -> 170 | I39: 170 | J39: =I39*E39 -> 7393.7563 | K39: =I39/H39 -> 1 | M39: =L39*E39 -> 0 | N39: =L39/H39 -> 0 | O39: =I39+L39 -> 170 | P39: =J39+M39 -> 7393.7563 | Q39: =K39+N39 -> 1
A40: 1.11 | B40: Formas planas de madeira sem reaproveitamento (fundações), inclusive fornecimento e transporte das madeiras e aplicação | C40: m² | D40: 646.67 | E40: 248.49065 | H40: =D40+F40-G40 -> 646.67 | I40: 646.67 | J40: =I40*E40 -> 160691.45 | K40: =I40/H40 -> 1 | M40: =L40*E40 -> 0 | N40: =L40/H40 -> 0 | O40: =I40+L40 -> 646.67 | P40: =J40+M40 -> 160691.45 | Q40: =K40+N40 -> 1
A41: 1.12 | B41: Concreto ciclópico com 70% concreto 15,0 MPa e 30% de pedra de mão, tudo incluído | C41: m³ | D41: 517.33 | E41: 559.06409 | H41: =D41+F41-G41 -> 517.33 | I41: 517.33 | J41: =I41*E41 -> 289220.63 | K41: =I41/H41 -> 1 | M41: =L41*E41 -> 0 | N41: =L41/H41 -> 0 | O41: =I41+L41 -> 517.33 | P41: =J41+M41 -> 289220.63 | Q41: =K41+N41 -> 1
A42: 1.13 | B42: Andaime de madeira para altura até 7 m, compreendendo montagem e desmontagem | C42: m³ | D42: 423.27 | E42: 39.506358 | H42: =D42+F42-G42 -> 423.27 | I42: 423.27 | J42: =I42*E42 -> 16721.856 | K42: =I42/H42 -> 1 | M42: =L42*E42 -> 0 | N42: =L42/H42 -> 0 | O42: =I42+L42 -> 423.27 | P42: =J42+M42 -> 16721.856 | Q42: =K42+N42 -> 1
A43: 1.14 | B43: Plataforma ou passarela de pinho de 1ª ou similar, 1" x 12" | C43: m² | D43: 352.73 | E43: 5.2640171 | H43: =D43+F43-G43 -> 352.73 | I43: 352.73 | J43: =I43*E43 -> 1856.7767 | K43: =I43/H43 -> 1 | M43: =L43*E43 -> 0 | N43: =L43/H43 -> 0 | O43: =I43+L43 -> 352.73 | P43: =J43+M43 -> 1856.7767 | Q43: =K43+N43 -> 1
A44: 1.15 | B44: Transporte de materiais para DMT acima de 15 km (Caminhão basculante) | C44: t | D44: 7848.321 | E44: 27.002126 | F44: 2131.2 | H44: =D44+F44-G44 -> 9979.521 | I44: 9979.52 | J44: =I44*E44 -> 269468.26 | K44: =I44/H44 -> 0.9999999 | L44: 0.001 | M44: =L44*E44 -> 0.027002126 | N44: =L44/H44 -> 1.0020521e-07 | O44: =I44+L44 -> 9979.521 | P44: =J44+M44 -> 269468.29 | Q44: =K44+N44 -> 1 | R44: =L44/1.6 -> 0.000625
A45: 1.16 | B45: Mobilização e desmobilização de equipamentos com carreta prancha (máximo) | C45: h | D45: 46.8 | E45: 617.73634 | H45: =D45+F45-G45 -> 46.8 | I45: 46.8 | J45: =I45*E45 -> 28910.061 | K45: =I45/H45 -> 1 | M45: =L45*E45 -> 0 | N45: =L45/H45 -> 0 | O45: =I45+L45 -> 46.8 | P45: =J45+M45 -> 28910.061 | Q45: =K45+N45 -> 1
A46: 2 | B46: CORTINA ATIRANTADA | M46: =SUM(M47:M69) -> 0 | P46: =SUM(P47:P69) -> 622330.16
A47: 2.1 | B47: Capina manual, inclusive limpeza | C47: m² | D47: 126 | E47: 0.88588889 | H47: =D47+F47-G47 -> 126 | I47: 126 | J47: =I47*E47 -> 111.622 | K47: =I47/H47 -> 1 | M47: =L47*E47 -> 0 | N47: =L47/H47 -> 0 | O47: =I47+L47 -> 126 | P47: =J47+M47 -> 111.622 | Q47: =K47+N47 -> 1
A48: 2.2 | B48: Compactação de aterros 100% PN | C48: m³ | D48: 319.8 | E48: 7.3655366 | H48: =D48+F48-G48 -> 319.8 | I48: 319.8 | J48: =I48*E48 -> 2355.4986 | K48: =I48/H48 -> 1 | M48: =L48*E48 -> 0 | N48: =L48/H48 -> 0 | O48: =I48+L48 -> 319.8 | P48: =J48+M48 -> 2355.4986 | Q48: =K48+N48 -> 1
A49: 2.3 | B49: Reaterro com areia, tudo incluído | C49: m³ | D49: 319.8 | E49: 72.862111 | H49: =D49+F49-G49 -> 319.8 | I49: 319.8 | J49: =I49*E49 -> 23301.303 | K49: =I49/H49 -> 1 | M49: =L49*E49 -> 0 | N49: =L49/H49 -> 0 | O49: =I49+L49 -> 319.8 | P49: =J49+M49 -> 23301.303 | Q49: =K49+N49 -> 1
A50: 2.4 | B50: Destocamento de árvores com diâmetro de 15 a 30 cm, com trator de esteira | C50: UND | D50: 30 | E50: 20.438223 | H50: =D50+F50-G50 -> 30 | I50: 30 | J50: =I50*E50 -> 613.1467 | K50: =I50/H50 -> 1 | M50: =L50*E50 -> 0 | N50: =L50/H50 -> 0 | O50: =I50+L50 -> 30 | P50: =J50+M50 -> 613.1467 | Q50: =K50+N50 -> 1
A51: 2.5 | B51: Escavação e carga de material de 1ª categoria, com trator de esteira e pá carregadeira | C51: m³ | D51: 319.8 | E51: 12.567739 | H51: =D51+F51-G51 -> 319.8 | I51: 319.8 | J51: =I51*E51 -> 4019.1628 | K51: =I51/H51 -> 1 | M51: =L51*E51 -> 0 | N51: =L51/H51 -> 0 | O51: =I51+L51 -> 319.8 | P51: =J51+M51 -> 4019.1628 | Q51: =K51+N51 -> 1
A52: 2.6 | B52: Espalhamento / regularização / compactação de material em bota-fora | C52: m³ | D52: 223.86 | E52: 3.6570297 | H52: =D52+F52-G52 -> 223.86 | I52: 223.86 | J52: =I52*E52 -> 818.66268 | K52: =I52/H52 -> 1 | M52: =L52*E52 -> 0 | N52: =L52/H52 -> 0 | O52: =I52+L52 -> 223.86 | P52: =J52+M52 -> 818.66268 | Q52: =K52+N52 -> 1
A53: 2.7 | B53: Reaterro de cavas c/ compactação manual (apiloamento) | C53: m³ | D53: 12.96 | E53: 85.81125 | H53: =D53+F53-G53 -> 12.96 | I53: 12.96 | J53: =I53*E53 -> 1112.1138 | K53: =I53/H53 -> 1 | M53: =L53*E53 -> 0 | N53: =L53/H53 -> 0 | O53: =I53+L53 -> 12.96 | P53: =J53+M53 -> 1112.1138 | Q53: =K53+N53 -> 1
A54: 2.8 | B54: Colchão drenante de brita 2 inclusive fornecimento, espalhamento, compactação e transporte | C54: m³ | D54: 20.16 | E54: 129.68467 | H54: =D54+F54-G54 -> 20.16 | I54: 20.16 | J54: =I54*E54 -> 2614.443 | K54: =I54/H54 -> 1 | M54: =L54*E54 -> 0 | N54: =L54/H54 -> 0 | O54: =I54+L54 -> 20.16 | P54: =J54+M54 -> 2614.443 | Q54: =K54+N54 -> 1
A55: 2.9 | B55: Manta Geotêxtil não tecida com resistência longitudinal a tração 10kN/m, fornecimento e aplicação | C55: m² | D55: 3.9 | E55: 12.991282 | H55: =D55+F55-G55 -> 3.9 | I55: 3.9 | J55: =I55*E55 -> 50.665999 | K55: =I55/H55 -> 1 | M55: =L55*E55 -> 0 | N55: =L55/H55 -> 0 | O55: =I55+L55 -> 3.9 | P55: =J55+M55 -> 50.665999 | Q55: =K55+N55 -> 1
A56: 2.10 | B56: Dreno de PVC D = 50 mm | C56: m | D56: 6.24 | E56: 43.492214 | H56: =D56+F56-G56 -> 6.24 | I56: 6.24 | J56: =I56*E56 -> 271.39141 | K56: =I56/H56 -> 1 | M56: =L56*E56 -> 0 | N56: =L56/H56 -> 0 | O56: =I56+L56 -> 6.24 | P56: =J56+M56 -> 271.39141 | Q56: =K56+N56 -> 1
A57: 2.11 | B57: Andaime de madeira para altura até 7 m, compreendendo montagem e desmontagem | C57: m³ | D57: 172.8 | E57: 39.506025 | H57: =D57+F57-G57 -> 172.8 | I57: 172.8 | J57: =I57*E57 -> 6826.6411 | K57: =I57/H57 -> 1 | M57: =L57*E57 -> 0 | N57: =L57/H57 -> 0 | O57: =I57+L57 -> 172.8 | P57: =J57+M57 -> 6826.6411 | Q57: =K57+N57 -> 1
A58: 2.12 | B58: Plataforma ou passarela de pinho de 1ª ou similar, 1" x 12" | C58: m² | D58: 43.2 | E58: 5.2640974 | H58: =D58+F58-G58 -> 43.2 | I58: 43.2 | J58: =I58*E58 -> 227.40901 | K58: =I58/H58 -> 1 | M58: =L58*E58 -> 0 | N58: =L58/H58 -> 0 | O58: =I58+L58 -> 43.2 | P58: =J58+M58 -> 227.40901 | Q58: =K58+N58 -> 1
... A66: 2.20 | B66: Concreto estrutural fck = 30,0 MPa com plastificante em Vias Urbanas | C66: m³ | D66: 36.3 | E66: 890.66291 | H66: =D66+F66-G66 -> 36.3 | I66: 36.3 | J66: =I66*E66 -> 32331.063 | K66: =I66/H66 -> 1 | M66: =L66*E66 -> 0 | N66: =L66/H66 -> 0 | O66: =I66+L66 -> 36.3 | P66: =J66+M66 -> 32331.063 | Q66: =K66+N66 -> 1
A67: 2.21 | B67: Aço CA-50, fornecimento, dobragem e colocação nas formas (preço médio das bitolas) | C67: kg | D67: 2144 | E67: 18.367474 | F67: 985.14 | H67: =D67+F67-G67 -> 3129.14 | I67: 3129.14 | J67: =I67*E67 -> 57474.396 | K67: =I67/H67 -> 1 | M67: =L67*E67 -> 0 | N67: =L67/H67 -> 0 | O67: =I67+L67 -> 3129.14 | P67: =J67+M67 -> 57474.396 | Q67: =K67+N67 -> 1
A68: 2.22 | B68: Concreto magro - confecção em betoneira e lançamento manual - areia e brita comerciais | C68: m³ | D68: 1.2 | E68: 472.997 | H68: =D68+F68-G68 -> 1.2 | I68: 1.2 | J68: =I68*E68 -> 567.5964 | K68: =I68/H68 -> 1 | M68: =L68*E68 -> 0 | N68: =L68/H68 -> 0 | O68: =I68+L68 -> 1.2 | P68: =J68+M68 -> 567.5964 | Q68: =K68+N68 -> 1
A69: 2.23 | B69: Formas planas de madeira com 01 (um) reaproveitamento, inclusive fornecimento e transporte das madeiras, em Vias Urbanas | C69: m² | D69: 248.6 | E69: 158.81736 | H69: =D69+F69-G69 -> 248.6 | I69: 248.6 | J69: =I69*E69 -> 39481.995 | K69: =I69/H69 -> 1 | M69: =L69*E69 -> 0 | N69: =L69/H69 -> 0 | O69: =I69+L69 -> 248.6 | P69: =J69+M69 -> 39481.995 | Q69: =K69+N69 -> 1
A70: 3 | B70: SOLO GRAMPEADO | M70: =SUM(M71:M80) -> 254026.31 | P70: =SUM(P71:P80) -> 1203913.8
A71: 3.1 | B71: Conformação manual de taludes | C71: m² | D71: 2534 | E71: 1.5178397 | H71: =D71+F71-G71 -> 2534 | I71: 2534 | J71: =I71*E71 -> 3846.2057 | K71: =I71/H71 -> 1 | M71: =L71*E71 -> 0 | N71: =L71/H71 -> 0 | O71: =I71+L71 -> 2534 | P71: =J71+M71 -> 3846.2057 | Q71: =K71+N71 -> 1
A72: 3.2 | B72: Transporte de materiais encosta acima, serviço manual, inclusive carga e descarga | C72: t dam | D72: 2286 | E72: 41.483914 | F72: 1065.6 | H72: =D72+F72-G72 -> 3351.6 | I72: 3351.6 | J72: =I72*E72 -> 139037.48 | K72: =I72/H72 -> 1 | M72: =L72*E72 -> 0 | N72: =L72/H72 -> 0 | O72: =I72+L72 -> 3351.6 | P72: =J72+M72 -> 139037.48 | Q72: =K72+N72 -> 1
A73: 3.3 | B73: Conformação de taludes de corte | C73: m³ | D73: 3970.3899 | E73: 9.10705 | H73: =D73+F73-G73 -> 3970.3899 | I73: 3970.3899 | J73: =I73*E73 -> 36158.539 | K73: =I73/H73 -> 1 | M73: =L73*E73 -> 0 | N73: =L73/H73 -> 0 | O73: =I73+L73 -> 3970.3899 | P73: =J73+M73 -> 36158.539 | Q73: =K73+N73 -> 1
A74: 3.4 | B74: Concreto projetado com cimento especial, inclusive aditivo de pega Sigunit STM-35 AF | C74: m³ | D74: 298.65 | E74: 940.68715 | F74: 103.08 | H74: =D74+F74-G74 -> 401.73 | I74: 298.65 | J74: =I74*E74 -> 280936.22 | K74: =I74/H74 -> 0.74340975 | L74: 103.08 | M74: =L74*E74 -> 96966.032 | N74: =L74/H74 -> 0.25659025 | O74: =I74+L74 -> 401.73 | P74: =J74+M74 -> 377902.25 | Q74: =K74+N74 -> 1
A75: 3.5 | B75: Manta Geotêxtil não tecida com resistência longitudinal a tração 10kN/m, fornecimento e aplicação | C75: m² | D75: 168.75 | E75: 12.990124 | F75: 43.25 | H75: =D75+F75-G75 -> 212 | I75: 168.75 | J75: =I75*E75 -> 2192.0835 | K75: =I75/H75 -> 0.79599057 | L75: 43.25 | M75: =L75*E75 -> 561.82288 | N75: =L75/H75 -> 0.20400943 | O75: =I75+L75 -> 212 | P75: =J75+M75 -> 2753.9064 | Q75: =K75+N75 -> 1
A76: 3.6 | B76: Dreno de PVC D = 50 mm | C76: m | D76: 450 | E76: 43.492694 | F76: 173 | H76: =D76+F76-G76 -> 623 | I76: 450 | J76: =I76*E76 -> 19571.712 | K76: =I76/H76 -> 0.7223114 | L76: 173 | M76: =L76*E76 -> 7524.2361 | N76: =L76/H76 -> 0.2776886 | O76: =I76+L76 -> 623 | P76: =J76+M76 -> 27095.948 | Q76: =K76+N76 -> 1
A77: 3.7 | B77: Colchão drenante de brita 2 inclusive fornecimento, espalhamento, compactação e transporte | C77: m³ | D77: 56.25 | E77: 129.68492 | F77: 21.63 | H77: =D77+F77-G77 -> 77.88 | I77: 56.25 | J77: =I77*E77 -> 7294.7767 | K77: =I77/H77 -> 0.72226502 | L77: 21.63 | M77: =L77*E77 -> 2805.0848 | N77: =L77/H77 -> 0.27773498 | O77: =I77+L77 -> 77.88 | P77: =J77+M77 -> 10099.861 | Q77: =K77+N77 -> 1
A78: 3.8 | B78: Grampo de aço CA-50 D = 12,5 mm para solo grampeado com capacidade de 30 kN - fornecimento, perfuração e instalação | C78: m | D78: 3600 | E78: 63.150291 | F78: 1384 | H78: =D78+F78-G78 -> 4984 | I78: 4120 | J78: =I78*E78 -> 260179.2 | K78: =I78/H78 -> 0.82664526 | L78: 864 | M78: =L78*E78 -> 54561.851 | N78: =L78/H78 -> 0.17335474 | O78: =I78+L78 -> 4984 | P78: =J78+M78 -> 314741.05 | Q78: =K78+N78 -> 1
A79: 3.9 | B79: LOCAL COM DMT ATÉ 3,0 KM (Caminhão basculante) 0,928XP + 1,026XR + 1,628 (XR=3,0) [material da limpeza] | C79: t | D79: 4.24 | E79: 77.336792 | H79: =D79+F79-G79 -> 4.24 | I79: 4.24 | J79: =I79*E79 -> 327.908 | K79: =I79/H79 -> 1 | M79: =L79*E79 -> 0 | N79: =L79/H79 -> 0 | O79: =I79+L79 -> 4.24 | P79: =J79+M79 -> 327.908 | Q79: =K79+N79 -> 1
A80: 3.10 | B80: Tela de aço soldada Telcon Q-196 ou similar, fornecimento e assentamento. | C80: m² | D80: 2172 | E80: 92.239123 | F80: 993.15 | H80: =D80+F80-G80 -> 3165.15 | I80: 2172 | J80: =I80*E80 -> 200343.37 | K80: =I80/H80 -> 0.6862234 | L80: 993.15 | M80: =L80*E80 -> 91607.285 | N80: =L80/H80 -> 0.3137766 | O80: =I80+L80 -> 3165.15 | P80: =J80+M80 -> 291950.66 | Q80: =K80+N80 -> 1
A81: 4 | B81: DRENAGEM | M81: =SUM(M82:M87) -> 5642.4156 | P81: =SUM(P82:P87) -> 315463.43
A82: 4.1 | B82: Conformação manual de taludes | C82: m² | D82: 123.75 | E82: 1.9676019 | H82: =D82+F82-G82 -> 123.75 | I82: 123.75 | J82: =I82*E82 -> 243.49073 | K82: =I82/H82 -> 1 | M82: =L82*E82 -> 0 | N82: =L82/H82 -> 0 | O82: =I82+L82 -> 123.75 | P82: =J82+M82 -> 243.49073 | Q82: =K82+N82 -> 1
A83: 4.2 | B83: Canaleta de concreto (0,130m³/m) forma trapezoidal inclusive caiação | C83: m | D83: 505.7 | E83: 254.37505 | H83: =D83+F83-G83 -> 505.7 | I83: 505.7 | J83: =I83*E83 -> 128637.46 | K83: =I83/H83 -> 1 | M83: =L83*E83 -> 0 | N83: =L83/H83 -> 0 | O83: =I83+L83 -> 505.7 | P83: =J83+M83 -> 128637.46 | Q83: =K83+N83 -> 1
A84: 4.3 | B84: Caixa coletora concreto armado H= 2,50m, inclusive escavação em Vias Urbanas | C84: und | D84: 5 | E84: 7510.8023 | H84: =D84+F84-G84 -> 5 | I84: 5 | J84: =I84*E84 -> 37554.012 | K84: =I84/H84 -> 1 | M84: =L84*E84 -> 0 | N84: =L84/H84 -> 0 | O84: =I84+L84 -> 5 | P84: =J84+M84 -> 37554.012 | Q84: =K84+N84 -> 1
A85: 4.4 | B85: Grama em placas em taludes com estacas de madeira, fornecimento e plantio | C85: m² | D85: 1600.5 | E85: 33.922652 | H85: =D85+F85-G85 -> 1600.5 | I85: 1600.5 | J85: =I85*E85 -> 54293.204 | K85: =I85/H85 -> 1 | M85: =L85*E85 -> 0 | N85: =L85/H85 -> 0 | O85: =I85+L85 -> 1600.5 | P85: =J85+M85 -> 54293.204 | Q85: =K85+N85 -> 1
A86: 4.5 | B86: Transporte de materiais encosta acima, serviço manual, inclusive carga e descarga | C86: t dam | D86: 1961.39 | E86: 41.48387 | H86: =D86+F86-G86 -> 1961.39 | I86: 1961.39 | J86: =I86*E86 -> 81366.048 | K86: =I86/H86 -> 1 | M86: =L86*E86 -> 0 | N86: =L86/H86 -> 0 | O86: =I86+L86 -> 1961.39 | P86: =J86+M86 -> 81366.048 | Q86: =K86+N86 -> 1
A87: 4.6 | B87: Descida d'água concreto armado DP-1 (degraus) c/ caiação | C87: m | D87: 11.64 | E87: 663.8136 | F87: 8.5 | H87: =D87+F87-G87 -> 20.14 | I87: 11.64 | J87: =I87*E87 -> 7726.7903 | K87: =I87/H87 -> 0.57795432 | L87: 8.5 | M87: =L87*E87 -> 5642.4156 | N87: =L87/H87 -> 0.42204568 | O87: =I87+L87 -> 20.14 | P87: =J87+M87 -> 13369.206 | Q87: =K87+N87 -> 1
A88: 5 | B88: SINALIZAÇÃO | M88: =SUM(M89:M95) -> 4537.4294 | P88: =SUM(P89:P95) -> 23511.704
B89: SINALIZAÇÃO PROVISÓRIA
A90: 5.1 | B90: Elementos de madeira para sinalização - cavaletes | C90: und | D90: 6 | E90: 43.770132 | H90: =D90+F90-G90 -> 6 | I90: 6 | J90: =I90*E90 -> 262.62079 | K90: =I90/H90 -> 1 | M90: =L90*E90 -> 0 | N90: =L90/H90 -> 0 | O90: =I90+L90 -> 6 | P90: =J90+M90 -> 262.62079 | Q90: =K90+N90 -> 1
A91: 5.2 | B91: Sinalização vertical com chapa em esmalte sintético | C91: m² | D91: 4 | E91: 741.80728 | H91: =D91+F91-G91 -> 4 | I91: 4 | J91: =I91*E91 -> 2967.2291 | K91: =I91/H91 -> 1 | M91: =L91*E91 -> 0 | N91: =L91/H91 -> 0 | O91: =I91+L91 -> 4 | P91: =J91+M91 -> 2967.2291 | Q91: =K91+N91 -> 1
A92: 5.3 | B92: Tela de proteção de segurança de PVC cor laranja com suporte para sinalização de obras | C92: m | D92: 133 | E92: 20.355632 | H92: =D92+F92-G92 -> 133 | I92: 133 | J92: =I92*E92 -> 2707.299 | K92: =I92/H92 -> 1 | M92: =L92*E92 -> 0 | N92: =L92/H92 -> 0 | O92: =I92+L92 -> 133 | P92: =J92+M92 -> 2707.299 | Q92: =K92+N92 -> 1
B93: SINALIZAÇÃO DEFINITIVA
A94: 5.4 | B94: Sinalização horizontal TMD=600, vida útil 2 a 3 anos, taxa=0,80 L/m² | C94: m² | D94: 435.5 | E94: 29.935996 | H94: =D94+F94-G94 -> 435.5 | I94: 435.5 | J94: =I94*E94 -> 13037.126 | K94: =I94/H94 -> 1 | M94: =L94*E94 -> 0 | N94: =L94/H94 -> 0 | O94: =I94+L94 -> 435.5 | P94: =J94+M94 -> 13037.126 | Q94: =K94+N94 -> 1
A95: 5.5 | B95: Sinalização vertical com chapa revestida em película, inclusive suporte em madeira | C95: m² | D95: 5 | E95: 907.48588 | H95: =D95+F95-G95 -> 5 | I95: 0 | J95: =I95*E95 -> 0 | K95: =I95/H95 -> 0 | L95: 5 | M95: =L95*E95 -> 4537.4294 | N95: =L95/H95 -> 1 | O95: =I95+L95 -> 5 | P95: =J95+M95 -> 4537.4294 | Q95: =K95+N95 -> 1
A96: 6 | B96: CANTEIRO DE OBRAS | M96: =SUM(M97:M113) -> 0 | P96: =SUM(P97:P113) -> 309071.86
A97: 6.1 | B97: Hidrossemeadura simples em terrenos planos | C97: m² | D97: 300 | E97: 5.3979706 | H97: =D97+F97-G97 -> 300 | I97: 300 | J97: =I97*E97 -> 1619.3912 | K97: =I97/H97 -> 1 | M97: =L97*E97 -> 0 | N97: =L97/H97 -> 0 | O97: =I97+L97 -> 300 | P97: =J97+M97 -> 1619.3912 | Q97: =K97+N97 -> 1
A98: 6.2 | B98: Aluguel de container p/ escritório c/ ar condicionado e banheiro, isolam.térmico e acústico, 2 luminárias, janela de vidro, tomada p/ comput. e telef. | C98: Mes | D98: 15.000001 | E98: 1333.8927 | H98: =D98+F98-G98 -> 15.000001 | I98: 15 | J98: =I98*E98 -> 20008.39 | K98: =I98/H98 -> 0.99999993 | M98: =L98*E98 -> 0 | N98: =L98/H98 -> 0 | O98: =I98+L98 -> 15 | P98: =J98+M98 -> 20008.39 | Q98: =K98+N98 -> 0.99999993
A99: 6.3 | B99: Aluguel de container para almoxarifado | C99: Mes | D99: 15 | E99: 901.96325 | H99: =D99+F99-G99 -> 15 | I99: 15 | J99: =I99*E99 -> 13529.449 | K99: =I99/H99 -> 1 | M99: =L99*E99 -> 0 | N99: =L99/H99 -> 0 | O99: =I99+L99 -> 15 | P99: =J99+M99 -> 13529.449 | Q99: =K99+N99 -> 1
A100: 6.4 | B100: Aluguel de container tipo refeitório (2 unidades acopladas), c/ 2 aparelhos de ar condicionado, 4 lumináriase 4 janelas de vidro | C100: Mes | D100: 15 | E100: 2380.6741 | H100: =D100+F100-G100 -> 15 | I100: 15 | J100: =I100*E100 -> 35710.112 | K100: =I100/H100 -> 1 | M100: =L100*E100 -> 0 | N100: =L100/H100 -> 0 | O100: =I100+L100 -> 15 | P100: =J100+M100 -> 35710.112 | Q100: =K100+N100 -> 1
A101: 6.5 | B101: Aluguel de container tipo vestiário, 2 luminárias, piso especial e janela | C101: Mes | D101: 15 | E101: 901.96325 | H101: =D101+F101-G101 -> 15 | I101: 15 | J101: =I101*E101 -> 13529.449 | K101: =I101/H101 -> 1 | M101: =L101*E101 -> 0 | N101: =L101/H101 -> 0 | O101: =I101+L101 -> 15 | P101: =J101+M101 -> 13529.449 | Q101: =K101+N101 -> 1
A102: 6.6 | B102: Aluguel de container tipo sanitário com 3 vasos sanitários, lavatório, mictório, 5 chuveiros, 2 venezianas e piso especial | C102: Mes | D102: 15 | E102: 1312.7126 | H102: =D102+F102-G102 -> 15 | I102: 15 | J102: =I102*E102 -> 19690.689 | K102: =I102/H102 -> 1 | M102: =L102*E102 -> 0 | N102: =L102/H102 -> 0 | O102: =I102+L102 -> 15 | P102: =J102+M102 -> 19690.689 | Q102: =K102+N102 -> 1
A103: 6.7 | B103: Barracão em chapa compensada 12mm e pont. 8x8cm, piso cimentado e cobertura de telhas fibrocimento 6mm, incl. ponto de luz | C103: m² | D103: 12 | E103: 831.93425 | H103: =D103+F103-G103 -> 12 | I103: 12 | J103: =I103*E103 -> 9983.211 | K103: =I103/H103 -> 1 | M103: =L103*E103 -> 0 | N103: =L103/H103 -> 0 | O103: =I103+L103 -> 12 | P103: =J103+M103 -> 9983.211 | Q103: =K103+N103 -> 1
A104: 6.8 | B104: Galpão em peças de madeira 8x8cm e contravent. de 5x7cm, cobertura de telhas de fibroc. de 6mm, incl. ponto e cabo de alimentação da máquina | C104: m² | D104: 50 | E104: 388.94122 | H104: =D104+F104-G104 -> 50 | I104: 50 | J104: =I104*E104 -> 19447.061 | K104: =I104/H104 -> 1 | M104: =L104*E104 -> 0 | N104: =L104/H104 -> 0 | O104: =I104+L104 -> 50 | P104: =J104+M104 -> 19447.061 | Q104: =K104+N104 -> 1
A105: 6.9 | B105: Rede de água c/ padrão de entrada d'água diâm. 3/4" conf. CESAN, incl. tubos e conexões p/ aliment., distrib., extravas. e limp., cons. o padrão a 25m | C105: m | D105: 50 | E105: 60.448948 | H105: =D105+F105-G105 -> 50 | I105: 50 | J105: =I105*E105 -> 3022.4474 | K105: =I105/H105 -> 1 | M105: =L105*E105 -> 0 | N105: =L105/H105 -> 0 | O105: =I105+L105 -> 50 | P105: =J105+M105 -> 3022.4474 | Q105: =K105+N105 -> 1
A106: 6.10 | B106: Rede de esgoto, contendo fossa e filtro, incl. tubos e conexões de ligação entre caixas, considerando distância de 25m | C106: m | D106: 50 | E106: 442.86945 | H106: =D106+F106-G106 -> 50 | I106: 50 | J106: =I106*E106 -> 22143.472 | K106: =I106/H106 -> 1 | M106: =L106*E106 -> 0 | N106: =L106/H106 -> 0 | O106: =I106+L106 -> 50 | P106: =J106+M106 -> 22143.472 | Q106: =K106+N106 -> 1
A107: 6.11 | B107: Rede de luz, incl. padrão entr. energia trifás. cabo ligação até barracões, quadro distrib., disj. e chave de força, cons. 20m entre padrão entr.e QDG | C107: m | D107: 100 | E107: 826.71144 | H107: =D107+F107-G107 -> 100 | I107: 100 | J107: =I107*E107 -> 82671.144 | K107: =I107/H107 -> 1 | M107: =L107*E107 -> 0 | N107: =L107/H107 -> 0 | O107: =I107+L107 -> 100 | P107: =J107+M107 -> 82671.144 | Q107: =K107+N107 -> 1
A108: 6.12 | B108: Reservatório de fibra de vidro de 1000 L, incl. suporte em madeira de 7x12cm, elevado de 4m | C108: UND | D108: 2 | E108: 4031.9111 | H108: =D108+F108-G108 -> 2 | I108: 2 | J108: =I108*E108 -> 8063.8222 | K108: =I108/H108 -> 1 | M108: =L108*E108 -> 0 | N108: =L108/H108 -> 0 | O108: =I108+L108 -> 2 | P108: =J108+M108 -> 8063.8222 | Q108: =K108+N108 -> 1
... A113: 6.17 | B113: Pó de pedra inclusive fornecimento, espalhamento e transporte | C113: m³ | D113: 300 | E113: 67.247829 | H113: =D113+F113-G113 -> 300 | I113: 300 | J113: =I113*E113 -> 20174.349 | K113: =I113/H113 -> 1 | M113: =L113*E113 -> 0 | N113: =L113/H113 -> 0 | O113: =I113+L113 -> 300 | P113: =J113+M113 -> 20174.349 | Q113: =K113+N113 -> 1
A114: 7. | B114: PAVIMENTAÇÃO | M114: =SUM(M115:M120) -> 72811.675 | P114: =SUM(P115:P120) -> 606774.08
A115: 7.1 | B115: Regularização e compactação do sub-leito (100% P.I.) H = 0,20 m | C115: m² | D115: 666 | E115: 1.8748607 | F115: 450.01 | H115: =D115+F115-G115 -> 1116.01 | I115: 666 | J115: =I115*E115 -> 1248.6572 | K115: =I115/H115 -> 0.59676885 | L115: 450.01 | M115: =L115*E115 -> 843.70608 | N115: =L115/H115 -> 0.40323115 | O115: =I115+L115 -> 1116.01 | P115: =J115+M115 -> 2092.3633 | Q115: =K115+N115 -> 1
A116: 7.2 | B116: Imprimação exclusive fornecimento e transporte comercial do material betuminoso | C116: m² | D116: 2442 | E116: 1.1846644 | F116: 450.01 | H116: =D116+F116-G116 -> 2892.01 | I116: 2442 | J116: =I116*E116 -> 2892.9504 | K116: =I116/H116 -> 0.84439542 | L116: 450.01 | M116: =L116*E116 -> 533.11081 | N116: =L116/H116 -> 0.15560458 | O116: =I116+L116 -> 2892.01 | P116: =J116+M116 -> 3426.0612 | Q116: =K116+N116 -> 1
A117: 7.3 | B117: Meio fio (remoção e reassentamento), inclusive caiação | C117: m | D117: 958.1 | E117: 69.524443 | H117: =D117+F117-G117 -> 958.1 | I117: 958.1 | J117: =I117*E117 -> 66611.369 | K117: =I117/H117 -> 1 | M117: =L117*E117 -> 0 | N117: =L117/H117 -> 0 | O117: =I117+L117 -> 958.1 | P117: =J117+M117 -> 66611.369 | Q117: =K117+N117 -> 1
A118: 7.4 | B118: Remoção e reassentamento de paralelepípedos, inclusive perdas, colchão de areia e transportes de areia e paralelepípedo | C118: m² | D118: 666 | E118: 113.4807 | H118: =D118+F118-G118 -> 666 | I118: 666 | J118: =I118*E118 -> 75578.149 | K118: =I118/H118 -> 1 | M118: =L118*E118 -> 0 | N118: =L118/H118 -> 0 | O118: =I118+L118 -> 666 | P118: =J118+M118 -> 75578.149 | Q118: =K118+N118 -> 1
A119: 7.5 | B119: CBUQ (massa asfáltica) inclusive fornecimento e transporte comercial do CAP (Usinagem) | C119: t | D119: 408.48 | E119: 529.03062 | F119: 75.28 | H119: =D119+F119-G119 -> 483.76 | I119: 408.48 | J119: =I119*E119 -> 216098.43 | K119: =I119/H119 -> 0.84438565 | L119: 75.28 | M119: =L119*E119 -> 39825.425 | N119: =L119/H119 -> 0.15561435 | O119: =I119+L119 -> 483.76 | P119: =J119+M119 -> 255923.85 | Q119: =K119+N119 -> 1
A120: 7.6 | B120: TR-301-00 (Massa Asfáltica) 1,082XP + 1,123XR + 8,324, XP=79,4 e XR=40,3 [CBUQ] | C120: t | D120: 1000.78 | E120: 171.39916 | F120: 184.42 | H120: =D120+F120-G120 -> 1185.2 | I120: 1000.78 | J120: =I120*E120 -> 171532.85 | K120: =I120/H120 -> 0.84439757 | L120: 184.42 | M120: =L120*E120 -> 31609.433 | N120: =L120/H120 -> 0.15560243 | O120: =I120+L120 -> 1185.2 | P120: =J120+M120 -> 203142.28 | Q120: =K120+N120 -> 1
A121: 8 | B121: MATERIAL BETUMINOSOS | M121: =SUM(M122:M123) -> 25732.636 | P121: =SUM(P122:P123) -> 168443.95
A122: 8.1 | B122: CM-30, fornecimento | C122: t | D122: 20.87 | E122: 6683.8014 | F122: 3.85 | H122: =D122+F122-G122 -> 24.72 | I122: 20.87 | J122: =I122*E122 -> 139490.94 | K122: =I122/H122 -> 0.84425566 | L122: 3.85 | M122: =L122*E122 -> 25732.636 | N122: =L122/H122 -> 0.15574434 | O122: =I122+L122 -> 24.72 | P122: =J122+M122 -> 165223.57 | Q122: =K122+N122 -> 1
A123: 8.2 | B123: Bonificação de 15,28% sobre Materiais Betuminosos | C123: % | D123: 1 | E123: 3220.378 | H123: =D123+F123-G123 -> 1 | I123: 1 | J123: =I123*E123 -> 3220.378 | K123: =I123/H123 -> 1 | M123: =L123*E123 -> 0 | N123: =L123/H123 -> 0 | O123: =I123+L123 -> 1 | P123: =J123+M123 -> 3220.378 | Q123: =K123+N123 -> 1
A124: 9 | B124: TRANPORTE DE MATERIAL BETUMINOSOS | M124: =SUM(M125) -> 2554.8021 | P124: =SUM(P125) -> 16416.294
A125: 9.1 | B125: Transporte de Material Asfáltico (DNIT), inclusive BDI diferenciado [CM-30, RR-1C] (XP=590, XR=2,17) | C125: t | D125: 26.64 | E125: 520.32629 | F125: 4.91 | H125: =D125+F125-G125 -> 31.55 | I125: 26.64 | J125: =I125*E125 -> 13861.492 | K125: =I125/H125 -> 0.84437401 | L125: 4.91 | M125: =L125*E125 -> 2554.8021 | N125: =L125/H125 -> 0.15562599 | O125: =I125+L125 -> 31.55 | P125: =J125+M125 -> 16416.294 | Q125: =K125+N125 -> 1
A126: 10 | B126: DEMOLIÇÃO DE EDIFICAÇÕES | M126: =SUM(M127) -> 0 | P126: =SUM(P127) -> 15173.526
A127: 10.1 | B127: Demolição de edificações | C127: m² | D127: 232.4 | E127: 65.29056 | H127: =D127+F127-G127 -> 232.4 | I127: 232.4 | J127: =I127*E127 -> 15173.526 | K127: =I127/H127 -> 1 | M127: =L127*E127 -> 0 | N127: =L127/H127 -> 0 | O127: =I127+L127 -> 232.4 | P127: =J127+M127 -> 15173.526 | Q127: =K127+N127 -> 1
A128: 11 | B128: SERVIÇOS AMBIENTAIS | M128: =SUM(M129) -> 0 | P128: =SUM(P129) -> 10762.654
A129: 11.1 | B129: Hidrossemeadura simples em taludes | C129: m² | D129: 1437.1 | E129: 7.4891476 | H129: =D129+F129-G129 -> 1437.1 | I129: 1437.1 | J129: =I129*E129 -> 10762.654 | K129: =I129/H129 -> 1 | M129: =L129*E129 -> 0 | N129: =L129/D129 -> 0 | O129: =I129+L129 -> 1437.1 | P129: =J129+M129 -> 10762.654 | Q129: =K129+N129 -> 1
A130: 13 | B130: ADMINISTRAÇÃO LOCAL | M130: =SUM(M131) -> 26342.918 | P130: =SUM(P131) -> 290832.53
...

Sheet MEMO CALCULO 18ª MEDIÇÃO
B2: PREFEITURA MUNICIPAL DE SÃO ROQUE DO CANAÃ
B8: MEMÓRIA DE CÁLCULO 18ª MEDIÇÃO
B9: OBRA: CONSTRUÇÃO DE MURO DE CONTENÇÃO E ESTABILIZAÇÃO DE TALUDES EM ÁREA DE RISCO | D9: DATA: 06/03/2025
B10: LOCAL: RUA ANTÔNIO GIL VELOSO, CENTRO, SÃO ROQUE DO CANAÃ
B11: ITEM | C11: DESCRIÇÃO | D11: UND | E11: QUANT.
B12: 1 | C12: =VLOOKUP(B12,'MEDIÇÃO 18'!$A$29:$C$134,2,0) -> MURO DE CONTENÇÃO
B13: 1.15 | C13: =VLOOKUP(B13,'MEDIÇÃO 18'!$A$29:$C$134,2,0) -> Transporte de materiais para DMT acima de 15 km (Caminhão basculante) | D13: =VLOOKUP(B13,'MEDIÇÃO 18'!$A$29:$C$131,3,0) -> t | E13: =SUM(D14) -> 0.001
B14: 0,001 m³ | D14: 0.001
B16: 3 | C16: =VLOOKUP(B16,'MEDIÇÃO 18'!$A$29:$C$134,2,0) -> SOLO GRAMPEADO
B17: 3.4 | C17: =VLOOKUP(B17,'MEDIÇÃO 18'!$A$29:$C$134,2,0) -> Concreto projetado com cimento especial, inclusive aditivo de pega Sigunit STM-35 AF | D17: =VLOOKUP(B17,'MEDIÇÃO 18'!$A$29:$C$131,3,0) -> m³ | E17: =SUM(D18) -> 103.08
B18: 103,08 m³ | D18: 103.08
B19: 3.5 | C19: =VLOOKUP(B19,'MEDIÇÃO 18'!$A$29:$C$134,2,0) -> Manta Geotêxtil não tecida com resistência longitudinal a tração 10kN/m, fornecimento e aplicação | D19: =VLOOKUP(B19,'MEDIÇÃO 18'!$A$29:$C$131,3,0) -> m² | E19: =SUM(D20) -> 43.25
B20: Drenos: 173,00 und x 0,50 m (comprimento) x 0,50 m (altura) = 43,25 m² | D20: 43.25
B21: 3.6 | C21: =VLOOKUP(B21,'MEDIÇÃO 18'!$A$29:$C$134,2,0) -> Dreno de PVC D = 50 mm | D21: =VLOOKUP(B21,'MEDIÇÃO 18'!$A$29:$C$131,3,0) -> m | E21: =SUM(D22) -> 173
B22: Drenagem solo grampeado: 173,00 und x 1,00 m (comprimento) = 173,00 m | D22: 173
B23: 3.7 | C23: =VLOOKUP(B23,'MEDIÇÃO 18'!$A$29:$C$134,2,0) -> Colchão drenante de brita 2 inclusive fornecimento, espalhamento, compactação e transporte | D23: =VLOOKUP(B23,'MEDIÇÃO 18'!$A$29:$C$131,3,0) -> m³ | E23: =SUM(D24) -> 21.63
B24: Bolsa de dreno do solo grampeado: 173,00 und x 0,50 m (comprimento) x 0,50 m (largura) x 0,50 m (espessura) = 21,63 m³ | D24: 21.63
B25: 3.8 | C25: =VLOOKUP(B25,'MEDIÇÃO 18'!$A$29:$C$134,2,0) -> Grampo de aço CA-50 D = 12,5 mm para solo grampeado com capacidade de 30 kN - fornecimento, perfuração e instalação | D25: =VLOOKUP(B25,'MEDIÇÃO 18'!$A$29:$C$131,3,0) -> m | E25: =SUM(D26) -> 864
B26: Solo grampeado: 108,00 und x 8,00 m (comprimento) = 864,00 m | D26: 864
B27: 3.10 | C27: =VLOOKUP(B27,'MEDIÇÃO 18'!$A$29:$C$134,2,0) -> Tela de aço soldada Telcon Q-196 ou similar, fornecimento e assentamento. | D27: =VLOOKUP(B27,'MEDIÇÃO 18'!$A$29:$C$131,3,0) -> m² | E27: =SUM(D28) -> 993.15
B28: 763,96 m x 1,30 m = 993,15 m² | D28: 993.15
H29: 349502.15 | I29: 341304.98
B30: 4 | C30: =VLOOKUP(B30,'MEDIÇÃO 18'!$A$29:$C$134,2,0) -> DRENAGEM
B31: 4.6 | C31: =VLOOKUP(B31,'MEDIÇÃO 18'!$A$29:$C$134,2,0) -> Descida d'água concreto armado DP-1 (degraus) c/ caiação | D31: =VLOOKUP(B31,'MEDIÇÃO 18'!$A$29:$C$131,3,0) -> m | E31: =SUM(D32:D32) -> 8.5
B32: Drenagem talude: 8,50 m | D32: 8.5
B34: 5 | C34: =VLOOKUP(B34,'MEDIÇÃO 18'!$A$29:$C$134,2,0) -> SINALIZAÇÃO
B35: 5.5 | C35: =VLOOKUP(B35,'MEDIÇÃO 18'!$A$29:$C$134,2,0) -> Sinalização vertical com chapa revestida em película, inclusive suporte em madeira | D35: =VLOOKUP(B35,'MEDIÇÃO 18'!$A$29:$C$131,3,0) -> m² | E35: =SUM(D36:D36) -> 5
B36: Placa: 2,50 m x 2,00 m = 5,00 m² | D36: 5
B39: 7. | C39: =VLOOKUP(B39,'MEDIÇÃO 18'!$A$29:$C$134,2,0) -> PAVIMENTAÇÃO
B40: 7.1 | C40: =VLOOKUP(B40,'MEDIÇÃO 18'!$A$29:$C$134,2,0) -> Regularização e compactação do sub-leito (100% P.I.) H = 0,20 m | D40: =VLOOKUP(B40,'MEDIÇÃO 18'!$A$29:$C$131,3,0) -> m² | E40: =SUM(D41:D41) -> 450.01
B41: Asfalto: 1.500,03 m² (área) x 0,30 (fator) = 450,01 m² | D41: 450.01
B42: 7.2 | C42: =VLOOKUP(B42,'MEDIÇÃO 18'!$A$29:$C$134,2,0) -> Imprimação exclusive fornecimento e transporte comercial do material betuminoso | D42: =VLOOKUP(B42,'MEDIÇÃO 18'!$A$29:$C$131,3,0) -> m² | E42: =SUM(D43:D43) -> 450.01
B43: Asfalto: 409,10 m² (área) x 1,10 (fator) = 450,01 m² | D43: 450.01
B44: 7.5 | C44: =VLOOKUP(B44,'MEDIÇÃO 18'!$A$29:$C$134,2,0) -> CBUQ (massa asfáltica) inclusive fornecimento e transporte comercial do CAP (Usinagem) | D44: =VLOOKUP(B44,'MEDIÇÃO 18'!$A$29:$C$131,3,0) -> t | E44: =SUM(D45:D45) -> 75.28
B45: Asfalto: 409,10 m² (área) x 0,08 m (espessura) x 2,30 (fator) = 75,28 m² | D45: 75.28
B46: 7.6 | C46: =VLOOKUP(B46,'MEDIÇÃO 18'!$A$29:$C$134,2,0) -> TR-301-00 (Massa Asfáltica) 1,082XP + 1,123XR + 8,324, XP=79,4 e XR=40,3 [CBUQ] | D46: =VLOOKUP(B46,'MEDIÇÃO 18'!$A$29:$C$131,3,0) -> t | E46: =SUM(D47:D47) -> 184.42
B47: Asfalto: 75,28 m² (área) x 2,45 (fator) = 184,42 m² | D47: 184.42
B49: 8 | C49: =VLOOKUP(B49,'MEDIÇÃO 18'!$A$29:$C$134,2,0) -> MATERIAL BETUMINOSOS
B50: 8.1 | C50: =VLOOKUP(B50,'MEDIÇÃO 18'!$A$29:$C$134,2,0) -> CM-30, fornecimento | D50: =VLOOKUP(B50,'MEDIÇÃO 18'!$A$29:$C$131,3,0) -> t | E50: =SUM(D51:D51) -> 3.85
B51: Asfalto: 409,10 m² (área) x 0,01 m (espessura) x 0,94 (fator) = 3,85 toneladas | D51: 3.85
B53: 9 | C53: =VLOOKUP(B53,'MEDIÇÃO 18'!$A$29:$C$134,2,0) -> TRANPORTE DE MATERIAL BETUMINOSOS
B54: 9.1 | C54: =VLOOKUP(B54,'MEDIÇÃO 18'!$A$29:$C$134,2,0) -> Transporte de Material Asfáltico (DNIT), inclusive BDI diferenciado [CM-30, RR-1C] (XP=590, XR=2,17) | D54: =VLOOKUP(B54,'MEDIÇÃO 18'!$A$29:$C$131,3,0) -> t | E54: =SUM(D55:D55) -> 4.91
B55: Asfalto: 4,09 m³ (volume) x 1,2 (fator) = 4,91 toneladas | D55: 4.91
B57: 13 | C57: =VLOOKUP(B57,'MEDIÇÃO 18'!$A$29:$C$134,2,0) -> ADMINISTRAÇÃO LOCAL | H57: 3737562.4
B58: 13.1 | C58: =VLOOKUP(B58,'MEDIÇÃO 18'!$A$29:$C$134,2,0) -> Administração local, inclusive vigilância | D58: =VLOOKUP(B58,'MEDIÇÃO 18'!$A$29:$C$131,3,0) -> UND | E58: =D59 -> 0.05245 | H58: =H29/H57 -> 0.093510719
B59: 0,05245 und | D59: 0.05245
B61: 14 | C61: =VLOOKUP(B61,'MEDIÇÃO 18'!$A$29:$C$134,2,0) -> SERVIÇOS NOVOS
B62: 14.1 | C62: =VLOOKUP(B62,'MEDIÇÃO 18'!$A$29:$C$134,2,0) -> Rip-rap c/argamassa cimento areia 1:6, inclusive aquisição e transporte dos materiais | D62: =VLOOKUP(B62,'MEDIÇÃO 18'!$A$29:$C$133,3,0) -> m³ | E62: =SUM(D63:D63) -> 63
B63: Lateral cortina atirantada: 12,00 m (comprimento) x 3,50 m (altura) x 1,50 m (espessura) = 63,00 | D63: 63
C67: ______________________________________________________________________
C68: PEDRO JAYME LANI JUNIOR
C69: Assessor de Assuntos de Gestão
C70: Engenheiro Civil
C71: CREA ES 20109/D
C72: Fiscal da Obra
